 Dungeon Crawl Stone Soup version 0.27-a0-1281-ge233d83751 (webtiles) character file.

Game seed: 16759155303744444805

196 Glokmah the Chopper (level 5, -2/41 HPs)
             Began as a Demonspawn Gladiator on June 14, 2021.
             Slain by a phantom (8 damage)
             ... on level 4 of the Dungeon.
             The game lasted 00:05:33 (2884 turns).

Glokmah the Chopper (Demonspawn Gladiator)          Turns: 2884, Time: 00:05:33

Health: -2/41      AC:  6    Str: 14    XL:     5   Next: 46%
Magic:  7/7        EV: 12    Int: 10    God:
Gold:   142        SH:  4    Dex: 15    Spells: 6/6 levels left

rFire    . . .     SeeInvis .   a - +1 war axe
rCold    . . .     Faith    .   (no shield)
rNeg     . . .     Spirit   .   z - +0 leather armour {Will+}
rPois    .         Reflect  .   c - +0 helmet
rElec    .         Harm     .   g - +1 cloak
rCorr    .         Rampage  .   (no gloves)
Will     +....                  (no boots)
Stlth    +.........             (no amulet)
HPRegen  0.13/turn              (no ring)
MPRegen  0.20/turn              (no ring)

@: very slow
A: hooves 1, large bone plates 1, ignite blood 1, magic regeneration
a: no special abilities


You were on level 4 of the Dungeon.
You visited 1 branch of the dungeon, and saw 4 of its levels.

You collected 142 gold pieces.

Inventory:

Hand Weapons
 a - a +1 war axe (weapon)
Missiles
 d - 3 throwing nets
 l - 49 stones
 p - 20 poisoned darts (quivered)
Armour
 c - a +0 helmet (worn)
 g - a +1 cloak (worn)
 z - a +0 leather armour of willpower (worn)
Scrolls
 f - a scroll of amnesia
Potions
 e - a potion of flight {unknown}
 h - a potion of berserk rage {unknown}
 i - a potion of resistance {unknown}
 k - 2 potions of attraction
 r - a potion of curing {unknown}
 t - a potion of lignification {unknown}


   Skills:
 + Level 3.0 Fighting
 * Level 4.1 Axes
 - Level 2.2 Throwing
 + Level 2.0 Armour
 - Level 2.6 Dodging
 + Level 1.3 Spellcasting


You had 6 spell levels left.
You didn't know any spells.
Your spell library was empty.

Dungeon Overview and Level Annotations

Branches:
Dungeon (4/15)
 Temple: D:4-7

Altars:

Portals:
Sewer: D:4

Annotations:
D:4 Menkaure


Innate Abilities, Weirdness & Mutations

You have large cloven feet.
You are partially covered in large bone plates. (SH +4)
Your demonic aura sometimes causes spilled blood to erupt in flames.
You regenerate magic rapidly.


Message History

Menkaure calls on the powers of darkness!
The giant cockroach convulses!
Your body is wracked with pain!
There is a glowing drain here.
The phantom hits you.
The phantom blinks!
You blink.
You stop descending the stairs.
Splash!
You fall into the shallow water.
Moving in this stuff is going to be slow.
Okay, then.
Your unstable footing causes you to fumble your attack.
The phantom hits you.
* * * LOW HITPOINT WARNING * * *
The phantom blinks!
You blink.
Splash!
You block the hobgoblin's attack.
Unknown command.
You hit the phantom but do no damage. You barely miss the giant cockroach.
You closely miss the hobgoblin. The phantom barely misses you.
The giant cockroach closely misses you. The hobgoblin closely misses you.
The phantom hits you.
* * * LOW HITPOINT WARNING * * *
You hit the phantom. Your kick misses the phantom.
The phantom is lightly damaged.
You hit the hobgoblin. You hit the giant cockroach.
You kill the giant cockroach!
The hobgoblin splashes around in the water.
The phantom hits you.
* * * LOW HITPOINT WARNING * * *
You hit the rat.
You kill the rat!
You hit the phantom but do no damage. You barely miss the rat.
You hit the hobgoblin.
The hobgoblin hits you but does no damage.
The rat splashes around in the water.
The phantom barely misses you.
The hobgoblin hits you but does no damage.
Your unstable footing causes you to fumble your attack.
The phantom hits you but does no damage.
You block the rat's attack. The hobgoblin closely misses you.
The rat bites you but does no damage. The phantom hits you!
You die...

#.,..####.##...#* *,......
#..####......#..#***,.....>
*******.....#...........**,......
,,**,,,,**#.............,>,......
,,,,,,*** ##.......#..#.***......
,****,,,***#.'##+..##..,,**......
,* ***,,*#..#≈s#..#**.,,,,)...##
** **....##≈W##B# ***,*****,*, *
##...#≈≈M@#.#* *,,****,,, *
***#....#≈≈gr#..****,,,,,*,,*
*****,...##,##≈≈##,,,**,,,,,,,,**
,,,,,,###**,,#≈≈#,,,,,,,,,,,,,***
******* *,##''##,,**,,,,,,,,*,*
*,#≈∩≈≈#,***,,,,,,,*,*,
*,######,* *,,,,,,,,*,*
*,,,,,,,,* *,,,,,,,,***
********** **,,,,,,,,**


You could see a phantom, Menkaure, a scorpion, a hobgoblin and a rat.

Vanquished Creatures
  3 orc wizards (D:3)
  2 adders (D:3)
  3 worms (D:3)
  12 orcs
  5 ball pythons
  5 bats
  6 endoplasms
  2 giant cockroaches (D:4)
  8 goblins
  9 hobgoblins
  4 jackals (D:1)
  5 kobolds
  4 quokkas
  4 frilled lizards
  5 rats
77 creatures vanquished.

Notes
Turn   | Place    | Note
-------+----------+-------------------------------------------
     0 | D:1      | Glokmah the Demonspawn Gladiator began the quest for the
                  | Orb.
     0 | D:1      | Reached XP level 1. HP: 16/16 MP: 1/1
   189 | D:1      | Gained mutation: You regenerate magic rapidly. [demonic
                  | ancestry]
   189 | D:1      | Reached XP level 2. HP: 22/22 MP: 2/2
   204 | D:1      | Reached skill level 3 in Axes
   600 | D:1      | Gained mutation: You have large cloven feet. [demonic
                  | ancestry]
   600 | D:1      | Reached XP level 3. HP: 20/28 MP: 3/3
   759 | D:1      | Reached skill level 1 in Armour
  1307 | D:2      | Found a faded altar of an unknown god.
  1774 | D:3      | Gained mutation: You are partially covered in large bone
                  | plates. (SH +4) [demonic ancestry]
  1774 | D:3      | Reached XP level 4. HP: 22/34 MP: 4/4
  1807 | D:3      | Reached skill level 1 in Spellcasting
  2257 | D:3      | Gained mutation: Your demonic aura sometimes causes spilled
                  | blood to erupt in flames. [demonic ancestry]
  2257 | D:3      | Reached XP level 5. HP: 40/40 MP: 6/6
  2354 | D:3      | Reached skill level 4 in Axes
  2740 | D:4      | Noticed Menkaure
  2849 | D:4      | Noticed a phantom
  2876 | D:4      | Found a glowing drain.
  2884 | D:4      | Slain by a phantom

Illustrated notes

Levels and vault maps discovered:
D:1:      sevenhm_arrival_forest_fort_small_4, layout_basic
D:2:      layout_loops_cross, shapermc_ecumenical_altar_mp_urbaneastern
D:3:      layout_rooms
D:4:      layout_rooms, gup_sewer_entry_bowl, grunt_decor_mini_mirrors,
          uniq_menkaure

Skill      XL: |  1  2  3  4  5 |
---------------+----------------+-----
Axes           | 3 4 |  4.1
Throwing       | 2 |  2.2
Armour         | 1 2 |  2.0
Spellcasting   | 1 |  1.3
Fighting       | 3 |  3.0
Dodging        | |  2.6

Action                   |  1- 3 |  4- 6 || total
-------------------------+-------+-------++-------
Melee: War axe           |   121 |    77 ||   198
       Kick              |     6 |    18 ||    24
Throw: Dart              |    10 |    12 ||    22
  Use: Scroll            |       |    11 ||    11
       Potion            |       |     2 ||     2
 Stab: Sleeping          |     1 |       ||     1
Armor: Leather armour    |    37 |    15 ||    52
       Ring mail         |    13 |    19 ||    32
Dodge: Dodged            |    84 |    50 ||   134
Block: Other             |       |    21 ||    21

Table legend: (Time is in decaauts)
 A = Elapsed time spent in this place.
 B = Non-inter-level travel time spent in this place.
 C = Inter-level travel time spent in this place.
 D = Time resting spent in this place.
 E = Time spent auto-exploring this place.
 F = Levels seen in this place.
 G = Mean time per level.
                   A        B        C        D        E       F      G
               +--------+--------+--------+--------+--------+-----+--------+
         Total |   2961 |   2777 |    184 |    345 |   1731 |   4 |  740.2 |
       Dungeon |   2961 |   2777 |    184 |    345 |   1731 |   4 |  740.2 |
               +--------+--------+--------+--------+--------+-----+--------+

Top non-repeatable levels by time:
     D:2: 1125 daAuts
     D:1: 946 daAuts
     D:3: 806 daAuts
     D:4: 84 daAuts
